 Dungeon Crawl Stone Soup version 0.23.2-1-ga50397a6bc (webtiles) character file.

Game seed: 9232697392751096000

160 Mrkan the Archer (level 5, 0/42 HPs)
             Began as a Centaur Hunter on May 14, 2019.
             Killed by nerve-wracking pain
             ... invoked by an orc priest
              (6 damage)
             ... on level 4 of the Dungeon.
             The game lasted 00:08:24 (2707 turns).

Mrkan the Archer (Centaur Hunter)                   Turns: 2707, Time: 00:08:24

Health: 0/42       AC:  9    Str: 15    XL:     5   Next: 17%
Magic:  5/5        EV:  7    Int: 10    God:
Gold:   148        SH:  0    Dex: 10    Spells: 4/4 levels left

rFire    . . .     SeeInvis .   a - +1 shortbow
rCold    . . .     Gourm    .   (shield currently unavailable)
rNeg     . . .     Faith    .   c - +0 leather armour
rPois    .         Spirit   .   i - +0 helmet (curse)
rElec    .         Reflect  .   (no cloak)
rCorr    .         Harm     .   (no gloves)
MR       .....                  n - +0 centaur barding
Stlth    +.........             (no amulet)
HPRegen  0.14/turn              (no ring)
MPRegen  0.09/turn              (no ring)

@: very quick
A: large, hooves 3, deformed body, speed 2, tough skin 3
a: no special abilities


You were on level 4 of the Dungeon.
You were very hungry.

You visited 1 branch of the dungeon, and saw 4 of its levels.

You collected 148 gold pieces.

Inventory:

Hand Weapons
 a - a +1 shortbow (weapon)
 b - a +0 short sword
Armour
 c - a +0 leather armour (worn)
 i - a cursed +0 helmet (worn)
 n - a +0 centaur barding (worn)
Jewellery
 v - an uncursed ring of protection from magic {unknown}
Scrolls
 e - 5 scrolls of remove curse {unknown}
 j - 3 scrolls of teleportation {unknown}
 l - 3 scrolls of magic mapping {unknown}
 m - a scroll of enchant weapon {unknown}
 o - 2 scrolls of fear {unknown}
 q - a scroll of identify {unknown}
 r - 2 scrolls of fog {unknown}
 s - a scroll of blinking {unknown}
Potions
 g - 2 potions of flight {unknown}
 h - 3 potions of might {unknown}
 k - 3 potions of curing {unknown}
 p - 2 potions of mutation {unknown}
 t - 2 potions of degeneration {unknown}
Comestibles
 f - 4 rations


   Skills:
 * Level 2.6 Fighting
 * Level 8.2 Bows
 - Level 1.3 Dodging
 - Level 0.4 Stealth


You had 4 spell levels left.
You didn't know any spells.
Your spell library was empty.

Dungeon Overview and Level Annotations

Branches:
Dungeon (4/15)
 Temple: D:4-7

Altars:
Kikubaaqudgha
Makhleb
Ru

Annotations:
D:4 Ijyb, Robin


Innate Abilities, Weirdness & Mutations

You have hooves in place of feet.
Armour fits poorly on your strangely shaped body.
You cover ground very quickly.
You have extremely tough skin. (AC +3)


Message History

The orc priest calls down the wrath of Beogh upon you.
Beogh smites you! Ijyb hits you but does no damage.
The orc priest hits you with a +0 hand axe.
You clumsily bash the orc priest but do no damage.
The orc priest is moderately wounded.
The orc priest begins to cast a cantrip, but forgets the words!
Ijyb hits you but does no damage.
You clumsily bash the orc priest but do no damage.
You kick the orc priest!
The orc priest is severely wounded.
The orc priest hits you with a +0 hand axe!
Ijyb barely misses you.
The orc priest invokes the aid of Beogh against you.
Beogh smites you!
* * * LOW HITPOINT WARNING * * *
Ijyb barely misses you.
The jackal barks!
The orc priest invokes the aid of Beogh against you.
Pain shoots through your body!
You die...

######## .......###
#####################
####.....#
#.......g.g..)l..>..#
#.###.####.#################.#
#.# #>.(....h.# #.#
####.###.####.##w# #.#
.........####.##.#### #l#
######........#...l.# #.# .#
##########.@##g###### #.#
.##########
#....o......#####w#
.#<<.......
#.###.............)
...######## #. ######.......#
.### #. #.####### .# #. .# #.
.# ## .# ##


You could see a worm, an orc priest, a leopard gecko and a jackal.

Vanquished Creatures
  An orc wizard (D:2)
  A worker ant (D:4)
  A hound skeleton (D:4)
  An adder (D:3)
  2 worms
  3 dart slugs
  5 leopard geckos
  An orc (D:4)
  5 giant cockroaches
  13 goblins
  13 hobgoblins
  3 jackals (D:4)
  4 kobolds
  A quokka (D:3)
  A ball python (D:2)
  4 bats
  A frilled lizard (D:2)
  5 rats
65 creatures vanquished.

Notes
Turn   | Place    | Note
-------+----------+-------------------------------------------
     0 | D:1      | Mrkan the Centaur Hunter began the quest for the Orb.
     0 | D:1      | Reached XP level 1. HP: 17/17 MP: 1/1
   165 | D:1      | Reached XP level 2. HP: 24/24 MP: 2/2
   299 | D:1      | Reached skill level 6 in Bows
   840 | D:2      | Found a sacrificial altar of Ru.
   862 | D:2      | Reached XP level 3. HP: 17/29 MP: 3/3
  1023 | D:2      | Reached skill level 7 in Bows
  1046 | D:2      | Found an ancient bone altar of Kikubaaqudgha.
  1057 | D:2      | Found a burning altar of Makhleb.
  1627 | D:3      | Reached XP level 4. HP: 37/37 MP: 4/4
  1674 | D:3      | You fall through a shaft!
  2305 | D:4      | Reached skill level 8 in Bows
  2305 | D:4      | Reached XP level 5. HP: 42/42 MP: 5/5
  2421 | D:4      | Noticed Robin
  2562 | D:4      | Noticed Ijyb
  2565 | D:4      | Noticed an ogre
  2707 | D:4      | Killed from afar by an orc priest

Skill      XL: |  1  2  3  4 |
---------------+-------------+-----
Bows           | 6 7 8 |  8.2
Fighting       | |  2.6
Dodging        | |  1.3
Stealth        | |  0.4

Action                   |  1- 3 |  4- 6 || total
-------------------------+-------+-------++-------
Melee: Shortbow          |     7 |    24 ||    31
       Kick              |     1 |     5 ||     6
 Fire: Shortbow          |   112 |   109 ||   221
  Eat: Chunk             |       |     2 ||     2
Armor: Leather armour    |    14 |    43 ||    57
Dodge: Dodged            |    21 |    29 ||    50
